 Dungeon Crawl Stone Soup version 0.24-a0-201-gf205589 (webtiles) character file.

Game seed: 17222336790975521741

32 Borgoz the Sneak (level 3, 0/20 HPs)
             Began as a Kobold Enchanter on Mar 24, 2019.
             Slain by a jackal (2 damage)
             ... on level 1 of the Dungeon.
             The game lasted 00:01:53 (1490 turns).

Borgoz the Sneak (Kobold Enchanter)                 Turns: 1490, Time: 00:01:54

Health: 0/20       AC:  2    Str:  6    XL:     3   Next: 45%
Magic:  6/6        EV: 15    Int: 21    God:
Gold:   61         SH:  0    Dex: 15    Spells: 3/6 levels left

rFire    . . .     SeeInvis .   a - +1 dagger
rCold    . . .     Gourm    .   (shield restricted)
rNeg     . . .     Faith    .   b - +0 robe
rPois    .         Spirit   .   (no helmet)
rElec    .         Reflect  .   (no cloak)
rCorr    .         Harm     .   (no gloves)
MR       .....                  (no boots)
Stlth    +++.......             (no amulet)
HPRegen  0.06/turn              (no ring)
MPRegen  0.10/turn              (no ring)

@: brilliant
A: small, carnivore
a: no special abilities


You were on level 1 of the Dungeon.
You were completely stuffed.

You visited 1 branch of the dungeon, and saw 2 of its levels.

You collected 61 gold pieces.

Inventory:

Hand Weapons
 a - a +1 dagger (weapon)
Armour
 b - a +0 robe (worn)
Scrolls
 c - a scroll of immolation {unknown}
 e - a scroll of noise {unknown}
 g - a scroll of enchant armour {unknown}
 i - a scroll of random uselessness {unknown}
Comestibles
 d - 3 rations


   Skills:
 + Level 0.5 Fighting
 * Level 2.0 Short Blades
 + Level 0.4 Throwing
 * Level 0.7 Armour
 * Level 2.7 Dodging
 * Level 4.2 Stealth
 + Level 2.2 Spellcasting
 * Level 3.2 Hexes
 + Level 0.2 Ice Magic


You had 3 spell levels left.
You knew the following spells:

 Your Spells              Type           Power        Failure   Level  Hunger
a - Corona                Hex            ####...      1%          1    #......
b - Ensorcelled Hibernat  Hex/Ice        ###...       1%          2    ##.....

Your spell library contained the following spells:

 Spells                   Type           Power        Failure   Level  Hunger
 Confuse                  Hex            ####....     1%          3    ###....
 Tukima's Dance           Hex            ####....     1%          3    ###....
 Dazzling Spray           Conj/Hex       ###...       2%          3    ###....


Dungeon Overview and Level Annotations

Branches:
Dungeon (2/15)

Altars:
Sif Muna

Annotations:
D:2 Jessica


Innate Abilities, Weirdness & Mutations

You are small and have problems with some larger weapons.
You are carnivorous and can eat meat at any time.


Message History

You are too injured to fight recklessly!
You are too injured to fight recklessly!
It was a potion of brilliance.
You feel clever all of a sudden. The jackal bites you.
* * * LOW HITPOINT WARNING * * *
The hobgoblin hits you but does no damage.
The goblin barely misses you.
You closely miss the hobgoblin. The jackal misses you.
The hobgoblin hits you with a +0 club.
* * * LOW HITPOINT WARNING * * *
The goblin misses you.
You hit the jackal.
The jackal is almost dead.
The jackal closely misses you.
You completely miss the jackal.
The jackal is almost dead.
The jackal barely misses you. The hobgoblin misses you.
The goblin closely misses you. The jackal bites you.
You die...

#.....≈≈≈..≈≈≈ ##......≈.≈≈≈≈
######### ##### #.......≈≈.≈≈
#.......####...# ##.......<≈.≈≈
#..............# #.............
#..............# #............≈
#..............###............≈
###...........>hg##..............
...............g@##.............≈
#####............................
...............#................≈
...............#............###.≈
..........#)...#.........#### ###
.....###..#............###
.....##...#............#
.....#............######
.....#............##


You could see a jackal, a hobgoblin and a goblin.

Vanquished Creatures
  An ooze (D:1)
  2 leopard geckos (D:1)
  3 giant cockroaches (D:1)
  4 goblins (D:1)
  3 hobgoblins
  3 kobolds (D:1)
  4 bats (D:1)
  A frilled lizard (D:1)
  A rat (D:1)
22 creatures vanquished.

Notes
Turn   | Place    | Note
-------+----------+-------------------------------------------
     0 | D:1      | Borgoz the Kobold Enchanter began the quest for the Orb.
     0 | D:1      | Reached XP level 1. HP: 10/10 MP: 3/3
    30 | D:1      | Reached XP level 2. HP: 13/15 MP: 5/5
    50 | D:1      | Learned a level 2 spell: Ensorcelled Hibernation
   647 | D:1      | Reached XP level 3. HP: 12/19 MP: 6/6
  1478 | D:2      | Found a deep blue altar of Sif Muna.
  1478 | D:2      | Noticed Jessica
  1490 | D:1      | Slain by a jackal

Levels and vault maps discovered:
D:1:      nicolae_arrival_washed_ashore, layout_basic, kennysheep_nondescript,
          nrook_loot_triangle
D:2:      layout_basic, lemuel_crystal_altar, uniq_jessica

Skill      XL: |  1  2  3 |
---------------+----------+-----
Short Blades   | 2 |  2.0
Fighting       | |  0.5
Throwing       | |  0.4
Armour         | |  0.7
Dodging        | |  2.7
Stealth        | |  4.2
Spellcasting   | |  2.2
Hexes          | |  3.2
Ice Magic      | |  0.2

Action                   || total
-------------------------++-------
Melee: Dagger            ||   108
  Use: Potion            ||     1
 Stab: Sleeping          ||     5
  Eat: Chunk             ||    10
Armor: Robe              ||    15
Dodge: Dodged            ||   100

Table legend:
 A = Non-vault XP
 B = Vault XP
 C = Vault XP percentage of total XP
 D = Non-vault monster count
 E = Vault monster count
 F = Vault count percentage of total count
                 A         B        C        D         E       F
            +---------+---------+-------+---------+---------+-------
      Total |      47 |       0 |   0.0 |      22 |       0 |   0.0
            +---------+---------+-------+---------+---------+-------
        D:1 |      45 |       0 |   0.0 |      21 |       0 |   0.0
        D:2 |       2 |       0 |   0.0 |       1 |       0 |   0.0
            +---------+---------+-------+---------+---------+-------
